 Dungeon Crawl Stone Soup version 0.14.2 (webtiles) character file.

125 Amnesiac the Charlatan (level 4, 0/22 HPs)
             Began as a Spriggan Artificer on Feb 9, 2018.
             Succumbed to an adder's poison
             ... on Level 2 of the Dungeon.
             The game lasted 00:03:30 (1805 turns).

Amnesiac the Charlatan (Spriggan Artificer)         Turns: 1805, Time: 00:03:30

HP   0/22        AC  2     Str  8      XL: 4   Next: 14%
MP  11/11        EV 20     Int 13      God:
Gold 48          SH  0     Dex 16      Spells:  0 memorised,  3 levels left

rFire  . . .     SeeInvis +     a - +0 sling
rCold  . . .     Clarity  .     e - +0 robe
rNeg   . . .     Conserve .     (shield restricted)
rPois  .         rCorr    .     (helmet restricted)
rElec  .         rRot     .     (no cloak)
SustAb . .       Spirit   .     (gloves unavailable)
rMut   .         Warding  .     (boots unavailable)
Saprov . . .     Stasis   .     (no amulet)
MR     .....                    (no ring)
                                (no ring)

@: lethally poisoned, very slightly contaminated, hasted, very quick, not
resistant to hostile enchantments, fairly stealthy
A: unfitting armour, see invisible, herbivore 3, speed 3, slow metabolism 2
a: no special abilities


You were on level 2 of the Dungeon.
You were not hungry.

You visited 1 branch of the dungeon, and saw 2 of its levels.

You collected 48 gold pieces.

Inventory:

Hand weapons
 a - a +0,+0 sling (weapon)
 b - a +0,+0 short sword
Missiles
 g - 20 poisoned needles
 h - 2 darts
 k - 36 stones (quivered)
 o - 17 darts of flame
 u - 3 steel darts
 v - 32 sling bullets
Armour
 e - a +0 robe (worn)
 s - a +0 buckler
Magical devices
 c - a wand of enslavement (15)
 d - a wand of random effects (15)
 j - a wand of flame (14)
Comestibles
 z - 3 pears
Scrolls
 i - 2 scrolls of remove curse {!r, unknown}
 m - a scroll of teleportation {!r, unknown}
 q - 2 scrolls of identify {!r, unknown}
 r - 2 scrolls of immolation {!r, unknown}
 t - a scroll of fear {!r, unknown}
 x - a scroll of recharging {!r, unknown}
Jewellery
 l - a cursed +4 ring of intelligence {unknown}
 p - an uncursed ring of poison resistance {unknown}
Potions
 f - a potion of porridge {!q}


   Skills:
 - Level 1.0 Fighting
 - Level 1.1 Short Blades
 + Level 4.6 Dodging
 - Level 1.5 Stealth
 * Level 5.9 Evocations


You had 3 spell levels left.
You didn't know any spells.

Dungeon Overview and Level Annotations

Branches:
Dungeon (2/15)

Altars:


Innate Abilities, Weirdness & Mutations

You are tiny and cannot use many weapons and most armour.
You have supernaturally acute eyesight.
You are a herbivore.
You cover ground extremely quickly.
You need consume almost no food.


Message History

The adder bites you but does no damage.
Firing (i - inventory. (,) - cycle):
k - 37 stones (quivered)
Press: ? - help, Shift-Dir - straight line, f/p - adder
Aim: an adder (heavily wounded)
You shoot a stone. The stone misses the adder.
The adder bites you.
* * * LOW HITPOINT WARNING * * *
You are lethally poisoned!
The adder poisons you! The adder misses you.
Evoke which item? (* to show all) (? for menu, Esc to quit)
Zapping:
j - a wand of flame (15)
Press: ? - help, Shift-Dir - straight line, f/p - adder
Aim: an adder (heavily wounded)
The puff of flame hits the adder.
You kill the adder!
This wand has 14 charges left.
* * * LOW HITPOINT WARNING * * *
You feel sick.
Drink which item? (? for menu, Esc to quit)
Really quaff
n - a green potion {!q}?
You feel refreshed.
It was a potion of restore abilities {!q}.
* * * LOW HITPOINT WARNING * * *
You feel sick.
Drink which item? (? for menu, Esc to quit)
Really quaff
w - a purple potion {!q}?
You feel yourself speed up.
It was a potion of haste {!q}.
* * * LOW HITPOINT WARNING * * *
You feel sick.
You are very lightly contaminated with residual magic.
Drink which item? (? for menu, Esc to quit)
Really quaff
A - a pink potion {!q}?
You are confused.
It was a potion of confusion {!q}.
Take off which item? (? for menu, Esc to quit)
Okay, then.
Things that are here:
an adder corpse; 10 stones Ouch!
* * * LOW HITPOINT WARNING * * *
You feel sick.
Quiver which item? (- for none, * to show all) (? for menu, Esc to quit)
Okay, then.
Drink which item? (? for menu, Esc to quit)
Okay, then.
Ouch!
* * * LOW HITPOINT WARNING * * *
You feel sick.
Found 3 gold pieces.
Ouch!
* * * LOW HITPOINT WARNING * * *
You feel sick.
You see here 12 gold pieces.
A rat comes into view.
Ouch! A goblin comes into view. It is wielding a club.
* * * LOW HITPOINT WARNING * * *
You feel sick.
The goblin shouts!
You feel less confused.
Found 10 gold pieces.
Unknown command.
* * * LOW HITPOINT WARNING * * *
You feel sick.
You die...

# . #.# . ..#.# #.#
#.# #.... ..# #.#
##.#.## #.# #.#
...... #.# #.# #...#
#.# #.# #...######.#
#.#
#..........###.####
#.@...###.........<
#...#.####...#.####
#.........###..#
#.........# #.##
#########.....###.#
##...## #..##....##
#
##.....####..###..##
#$# #.......#.#..#
##.# ..
#$...........####.#


There were no monsters in sight!

Vanquished Creatures
  3 gnolls (D:2)
  An adder (D:2)
  2 giant geckos (D:1)
  An ooze (D:1)
  2 giant cockroaches (D:1)
  4 goblins
  2 hobgoblins (D:1)
  8 jackals
  2 bats (D:1)
  A giant newt (D:1)
  6 kobolds (D:1)
  8 rats (D:1)
40 creatures vanquished.

Notes
Turn   | Place    | Note
--------------------------------------------------------------
     0 | D:1      | Amnesiac, the Spriggan Artificer, began the quest for the Orb.
     0 | D:1      | Reached XP level 1. HP: 9/9 MP: 2/2
    59 | D:1      | Reached skill level 1 in Fighting
   368 | D:1      | Reached XP level 2. HP: 12/14 MP: 5/5
   827 | D:1      | Reached skill level 5 in Evocations
  1273 | D:1      | Reached XP level 3. HP: 18/18 MP: 8/8
  1738 | D:2      | Reached XP level 4. HP: 19/22 MP: 11/11
  1787 | D:2      | HP: 1/22 [poisoned by an adder]
  1795 | D:2      | HP: 1/22 [poisoned by an adder]
  1805 | D:2      | Succumbed to an adder's poison

Action                   |  1- 3 |  4- 6 || total
-------------------------+-------+-------++-------
Melee: Short sword       |    92 |       ||    92
 Fire: Sling             |   122 |    19 ||   141
Throw: Dart              |     6 |       ||     6
Evoke: Wand              |       |     1 ||     1
  Use: Potion            |       |     3 ||     3
